Map: 中心协议

Players

iGXiGua

  • Race: Zerg Zerg
  • League: Master

ZooWhaleTail - Winner!

  • Race: Zerg Zerg
  • League: Master

Event: GPL 2015 - Grand Finals

VOD

Have the link to the VOD?

Description

Time

  • Played on: Jan. 23, 2016, 11:56 p.m.
  • Length: 4:30

All games in this series

Show
View Real Time Build Order
Export as new Build Order

iGXiGua Zerg 

Build Orders: Pool First, Zergling Baneling 

Get SALT Encoding   

  12  0:00  Drone  
  13  0:08  Drone  
  14  0:16  Overlord  
  14  0:21  Extractor  
  14  0:23  Drone  
  15  0:34  Drone  
  15  0:35  Drone  
  17  0:45  Spawning Pool  
  17  0:48  Extractor  
  15  0:50  Drone  
  15  0:55  Drone  
  17  1:06  Drone  
  18  1:18  Drone  
  19  1:26  Hatchery  
  19  1:32  Zergling x2  
  19  1:37  Queen  
  21  1:41  Zergling x2  
  22  1:57  Baneling Nest, Overlord  
  21  2:03  Zergling x2  
  22  2:10  Overlord  
  22  2:21  Zergling x2  
  22  2:22  Queen  
  25  2:34  Zergling x2  
  26  2:38  Zergling x2  
  26  2:40  Baneling  
  26  2:41  Baneling  
  26  2:42  Baneling  
  25  2:44  Baneling  
  25  2:45  Baneling  
  25  2:49  Zergling x2  
  22  3:01  Zergling x6  
  24  3:11  Baneling  
  23  3:19  Zergling x2  
  24  3:20  Zergling x4  
  23  3:27  Baneling x2  
  23  3:39  Baneling x2  
  22  3:43  Drone x2  
  22  3:45  Drone  
  25  3:57  Drone  
Show
View Real Time Build Order
Export as new Build Order

ZooWhaleTail Zerg - Winner!

Build Orders: Pool Only, Zergling Baneling 

Get SALT Encoding   

  12  0:01  Drone  
  13  0:15  Extractor  
  12  0:25  Spawning Pool  
  11  0:29  Drone  
  11  0:33  Drone  
  13  0:39  Drone  
  14  0:50  Overlord  
  14  1:13  Zergling x2  
  14  1:16  Metabolic Boost  
  15  1:19  Queen  
  15  1:23  Zergling x2  
  18  1:37  Baneling Nest  
  18  1:39  Zergling x2  
  18  1:43  Zergling x2  
  19  1:51  Zergling x2  
  20  1:55  Zergling x2  
  21  2:04  Overlord  
  21  2:11  Zergling x2  
  22  2:22  Baneling x2  
  22  2:23  Zergling x2  
  23  2:30  Zergling x4  
  23  2:36  Zergling x2  
  26  2:42  Baneling x2  
  26  2:45  Zergling x2  
  27  2:56  Baneling  
  25  2:58  Zergling x4  
  25  3:03  Zergling x2  
  27  3:14  Zergling x2  
  28  3:22  Zergling x4  
  30  3:27  Baneling x3  
  30  3:38  Zergling x8  
  28  3:49  Overlord  
  28  3:53  Baneling x2  
  28  4:06  Overlord  
Tags
 
Add a new tag
Caveats
  • Supply blocks, unpowered buildings, or Contaminate may cause inaccurate times.
  • Supply counts are checked every 10 seconds.